Unix NetHack Version 5.0.0-0 post-release - last build May 23 2026 06:08:33 (1c0ff79ee797540d5714e4e18072db0edd9e58ae,branch:main).

Game began 2026-05-25 09:16:37, ended 2026-05-25 10:50:20.

7spoons, lawful female human Valkyrie

   ---
  --.--                                         -----------      -----------
 --...--             -------    ----------      |.........|     #....).....|
 |.<...-#            |.....|    |........-######..........|     #|..._.....|
 --...--#           #-.....-### |........|######|.........|     #|.........|
  --.-- #        ####|....[|  ##|........|#    #|.........|     #|.........|
   ---  #      ###   |.....|   #-........|#    #-....o.&..-#    #|>........|
        #      #     |.....-## #|.....`..|#     |...^B@&d.|##   #-----------
      ###      #     -----.- ###----------#     ----------- #####
      #-----   #          #  ##############                    ##
      #....-## #          # ##  #####                          ###
       |...| ###          # #    #####                         # #
       |...-#####     ##### #    #  #                          # #
       -----    #-----|-- ###    #  #   ###    ----------------# ##
                #.......-##         #######    |.....{........|#  #
                 |...>..|                 #####-..............|#  ###   -----
                 |......|                      |...............#    ####|..%|
                 --------                      ----------------        #-.."|
                                                                        -----

7spoons the Fighter         St:15 Dx:14 Co:18 In:9 Wi:9 Ch:11  Lawful
Dlvl:3  $:0  HP:0(79) Pw:22(22) AC:4  Xp:7 T:6512  Stun

Latest messages:
 You hit the orc shaman!
 You miss the orc shaman.
 The orc shaman points at you, then curses.
 You miss the orc shaman.
 The orc shaman casts a spell at you!
 You reel...
 A board beneath you squeaks a G note loudly.
 The water demon throws a dart!
 The dart misses the water demon.
 A dart misses you.
 The orc shaman points at you, then curses.
 The large dog misses the water demon.
 An incubus appears in a cloud of smoke!
 The water demon hits!
 The water demon hits!
 The water demon bites!
 The orc shaman points at you, then curses.
 You miss the water demon.
 You feel very attracted to the incubus.
 The incubus murmurs in your ear, while helping you undress.
 "Take off your cloak; it's in the way."
 "Shall I remove your suit, lover?" [yn] (n)
 "Take off your boots; let me rub your feet."
 "Take off your shield; it's in the way."
 "Take off your helm; let me run my fingers through your hair."
 "You're such a sweet lady; I wish..."
 The incubus vanishes!
 The water demon hits!
 The water demon just misses!
 The water demon bites!
 The water demon misses!
 The water demon misses!
 The water demon misses!
 The orc shaman points all around, then curses.
 The large dog misses the water demon.
 The large dog misses the water demon.
 You hit the water demon!
 The water demon hits!
 The water demon hits!
 The water demon misses!
 The water demon hits!
 The water demon hits!
 The water demon bites!
 The giant bat bites!
 You die...
 Do you want your possessions identified? [ynq] (y)
 Do you want to see your attributes? [ynq] (y)
 Do you want an account of creatures vanquished? [ynaq] (y)
 Do you want to see your conduct and achievements? [ynq] (y)
 Do you want to see the dungeon overview? [ynq] (y)

Inventory:
 Weapons  (')')
  Y - 11 +0 daggers (at the ready)
  D - 2 +0 orcish daggers
  a - a +1 spear (weapon in right hand)
  q - a thoroughly rusty +0 long sword
 Armor    ('[')
  U - a blessed +1 dwarvish iron helm
  b - an uncursed +0 pair of iron shoes
  c - an uncursed +3 small shield
  r - an uncursed +0 dwarvish cloak
  f - a blessed +0 dwarvish mithril-coat (being worn)
 Comestibles  ('%')
  n - 2 uncursed homemade tins of iguana meat
 Scrolls  ('?')
  h - a cursed scroll of confuse monster
  d - an uncursed scroll of create monster
  v - 2 uncursed scrolls of enchant weapon
  g - a blessed scroll of identify
  C - an uncursed scroll of identify
  u - a blessed scroll of teleportation
 Potions  ('!')
  O - an uncursed potion of object detection named obj detect (cyan)
  G - a blessed potion of paralysis
 Rings    ('=')
  W - an uncursed -1 ring of increase accuracy
 Wands    ('/')
  H - a wand of digging (0:2)
  L - a wand of magic missile (0:1)
  P - a wand of nothing (0:11)
  I - a wand of speed monster (0:3)
 Tools    ('(')
  Q - an uncursed blindfold
  M - an uncursed brass lantern
  F - a +0 pick-axe
  X - an uncursed skeleton key
  s - an uncursed stethoscope
  m - an uncursed tin opener
  J - a tinning kit (0:39)
 Gems/Stones  ('*')
  p - an uncursed worthless piece of orange glass

7spoons the Valkyrie's attributes:

Background:
 You were a Fighter, a level 7 human Valkyrie.
 You were lawful, on a mission for Tyr
 who was opposed by Odin (neutral) and Loki (chaotic).
 You were right-handed.
 You were in the Dungeons of Doom, on level 3.
 You entered the dungeon 6512 turns ago.
 You had 972 experience points, 308 more were needed to attain level 8.

Basics:
 You had 0 out of 79 hit points.
 You had all 22 energy points (spell power).
 Your armor class was 4.
 Your wallet was empty.
 Autopickup was off.

Final Characteristics:
 Your strength was 15 (limit:18/100).
 Your dexterity was 14 (limit:18).
 Your constitution was 18 (limit:18).
 Your intelligence was 9 (limit:18).
 Your wisdom was 9 (peak:10, limit:18).
 Your charisma was 11 (limit:18).

Final Status:
 You were stunned.
 You weren't hungry.
 You were unencumbered.
 You were wielding a spear.
 You had basic skill with spear and could have enhanced that.

Final Attributes:
 You were piously aligned.
 You were cold resistant.
 You were telepathic.
 You were stealthy.
 You were guarded.
 You were fast.
 You are dead.

Miscellaneous:
 You didn't encounter any bones levels.
 Total elapsed playing time was 1 hour, 30 minutes and 2 seconds.

Major events:
 Turn
    1: 7spoons the lawful human Valkyrie entered the dungeon
  778: entered the Gnomish Mines
 1809: attained the rank of Skirmisher (level 3)
 3904: reached Mine Town
 4468: attained the rank of Fighter (level 6)
 6512: killed by a giant bat

You didn't know any spells.

Skills:
 Fighting Skills
   bare handed combat [Unskilled]
   two weapon combat  [Unskilled]
   riding             [Unskilled]
 Weapon Skills
   dagger             [Basic]
   axe                [Unskilled]
   pick-axe           [Unskilled]
   short sword        [Unskilled]
   broadsword         [Unskilled]
   long sword         [Unskilled]
   two-handed sword   [Unskilled]
   saber              [Unskilled]
   hammer             [Unskilled]
   quarterstaff       [Unskilled]
   polearms           [Unskilled]
   spear              [Basic]
   trident            [Unskilled]
   lance              [Unskilled]
   sling              [Unskilled]
 Spellcasting Skills
   attack spells      [Unskilled]
   escape spells      [Unskilled]

Voluntary challenges:
 Character rerolling was not enabled.
 You were illiterate.
 You never genocided any monsters.
 You never polymorphed an object.
 You used no wishes.
Achievements:
 You entered a shop.
 You entered the Gnomish Mines.
 You attained the rank of Skirmisher.
 You entered Minetown.
 You entered a temple.
 You attained the rank of Fighter.

 The Dungeons of Doom: levels 1 to 6
    Level 1:
       A fountain.
    Level 2:
       A general store.
    Level 3: <- You were here.
       A general store, an altar to Tyr, a fountain.
       Stairs down to The Gnomish Mines.
       Final resting place for
          you, killed by a giant bat.
    Level 4:
       A sink.
    Level 5:
       A fountain, a grave.
    Level 6:
 The Gnomish Mines: levels 4 to 9
    Level 4:
    Level 5:
    Level 6:
       Many shops, a temple and an altar to Tyr, some fountains, some trees.
    Level 7:
    Level 8:
    Level 9:


Vanquished creatures:
  a water demon
  a watchman
  a wolf
  2 giant spiders
  2 gnome rulers
  a dog
  a jaguar
  a Woodland-elf
  a bugbear
 an imp
  a mountain nymph
 an orc shaman
  a rock piercer
  a rock mole
  5 ponies
  a fog cloud
  a yellow light
  a shrieker
  a violet fungus
  8 gnome leaders
  a gnomish wizard
  2 elf zombies
  a ghoul
  a paper golem
  2 giant ants
  a floating eye
 12 dwarves
  a homunculus
 10 hill orcs
  a rabid rat
  a centipede
  3 giant bats
  a monkey
  3 wererats
  2 iguanas
  2 acid blobs
  4 coyotes
  a gas spore
  3 hobbits
  a large kobold
  a hobgoblin
  3 giant rats
  a cave spider
  2 red molds
 43 gnomes
  2 geckos
  4 jackals
  2 foxes
  a kobold
  a goblin
  3 sewer rats
  3 grid bugs
  2 bats
  6 lichens
  a kobold zombie
  7 newts
168 creatures vanquished.

No species were genocided or became extinct.

Game over:
                       ----------
                      /          \
                     /    REST    \
                    /      IN      \
                   /     PEACE      \
                  /                  \
                  |     7spoons      |
                  |       0 Au       |
                  |   killed by a    |
                  |    giant bat     |
                  |                  |
                  |                  |
                  |       2026       |
                 *|     *  *  *      | *
        _________)/\\_//(\/(/\)/\//\/|_)_______

Farvel 7spoons the Valkyrie...

You died in The Dungeons of Doom on dungeon level 3 with 4288 points,
and 0 pieces of gold, after 6512 moves.
You were level 7 with a maximum of 79 hit points when you died.

